Unix xNetHack Version 8.0.0 - last build Oct 24 2023 22:40:03 (377cadcb0cddd23835977b77f88704ab461fff9e). Game began 2023-11-01 09:38:59, ended 2023-11-08 09:28:21. breadmaster, lawful female human Samurai ----- |..... #-'<.... |d@f... #....... ------ Breadmaster the Kunoichi St:25 Dx:13 Co:17 In:12 Wi:9 Ch:10 Lawful S:8450 Dlvl:11 $:704 HP:0(79) Pw:35(35) AC:1 Xp:8/1799 T:4740 Burdened Latest messages: You sit on the opulent throne. You feel somehow out of place... You sit on the opulent throne. Your vision becomes clear. You sit on the opulent throne. You feel somehow out of place... You sit on the opulent throne. You feel somehow out of place... The throne vanishes in a puff of logic. The kitten picks up an orcish dagger. You see here a gnomish wizard corpse. The kitten drops an orcish dagger. You see here a crossbow bolt. There is a staircase down here. You see here a smoky potion. You have a little trouble lifting a smoky potion. Continue? [ynq] (q) y You have a little trouble lifting b - a smoky potion {20} (2 in total). Your movements are slowed slightly because of your load. You fall down the stairs. What do you want to use or apply? [fgmBEHJKQU or ?*] ? Your lantern is now on. Pick an object. You rend the quantum mechanic! The quantum mechanic interacts with you! You are not affected. You kill the quantum mechanic! You see here a large box. Hmmm, the large box turns out to be locked. Unlock it with your key? [ynq] (q) y You succeed in unlocking the box. You trigger a trap! Your feet are frozen to the floor! The paper golem claws you! The paper golem claws you! The paper golem claws you! The paper golem hits! The paper golem just misses! The paper golem claws you! The paper golem claws you! The paper golem claws you! You hear a door open. The paper golem just misses! The paper golem hits! The paper golem claws you! The paper golem hits! The wolf bites! The paper golem claws you! The wolf bites! You die... Do you want your possessions identified? [ynq] (y) q Inventory: Inventory: 1101/1100 weight (52/52 slots) Coins $ - 704 gold pieces {7} Amulets l - a cursed iron amulet of change {22} Weapons y - 8 +0 arrows {8} x - 11 +1 elven arrows {11} d - 35 +0 ya (in quiver) {35} O - 9 cursed +0 bone ya {5} c - a +0 yumi (alternate weapon; not wielded) {30} r - a +0 silver aklys {16} a - a rusty +0 katana (weapon in hand) {40} Armor i - an uncursed +0 stone orcish helm (being worn) {20} n - an uncursed thoroughly rusty +0 pair of gauntlets of power (being worn) {23} h - an uncursed +0 pair of elven boots (being worn) {12} e - an uncursed rustproof +0 splint mail (being worn) {300} Comestibles L - 2 uncursed pan de muerto {10} F - 2 uncursed slime molds {10} A - an uncursed apple {2} D - 3 uncursed gunyoki {60} Z - 2 uncursed oranges {4} o - 3 uncursed tripe rations {30} j - 3 uncursed lichen corpses {60} Scrolls I - a cursed scroll of charging {5} q - an uncursed scroll of create monster {5} v - 2 uncursed scrolls of fire {10} p - a cursed scroll of magic mapping {5} N - an uncursed scroll of remove curse {5} Potions T - an uncursed potion of confusion {20} X - an uncursed potion of extra healing {20} P - a cursed potion of extra healing {20} u - 2 uncursed potions of fruit juice {40} C - an uncursed potion of hallucination {20} z - an uncursed potion of healing {20} Y - an uncursed potion of object detection {20} b - 2 uncursed potions of oil {40} k - an uncursed potion of see invisible {20} M - a potion of unholy water {20} Rings G - an uncursed +2 ring of carrying (on right hand) {3} Wands m - a wand of create monster (0:12) {7} g - a wand of digging (0:5) {7} E - a wand of fire (0:5) {7} U - a wand of striking (0:4) {7} Tools Q - a leather bag of tricks (0:18) {22} H - an uncursed flute {5} J - an uncursed mithril lantern (lit) {17} f - an uncursed oil lamp {20} K - an uncursed skeleton key {3} Gems/Stones W - an uncursed citrine stone {1} t - an uncursed fluorite stone {1} S - 2 uncursed worthless pieces of black glass {2} R - an uncursed worthless piece of green glass {1} V - an uncursed worthless piece of orange glass {1} w - 2 uncursed worthless pieces of violet glass {2} s - an uncursed luckstone {10} B - an uncursed touchstone {10} Breadmaster the Samurai's attributes: Background: You were a Kunoichi, a level 8 female human Samurai. You were lawful, on a mission for Amaterasu Omikami who was opposed by Raijin (neutral) and Susanowo (chaotic). You were heterosexual. You were in the Dungeons of Doom, on level 11. You entered the dungeon 4740 turns ago. You had 1799 experience points, 761 more were needed to attain level 9. Your score was 8450 before end-of-game adjustments. Basics: You had 0 out of 79 hit points. You had all 35 energy points (spell power). Your armor class was 1. Your wallet contained 704 zorkmids. Autopickup was off. Final Characteristics: Your strength was 25 (base:13, peak:14, innate limit:18/100). Your dexterity was 13 (peak:14, limit:18). Your constitution was 17 (peak:18, limit:18). Your intelligence was 12 (limit:18). Your wisdom was 9 (limit:18). Your charisma was 10 (limit:18). Final Status: You were not hungry. You were burdened; movement was slightly slowed. You were wielding a long sword. You were skilled in long sword and could have enhanced that. Final Attributes: You were piously aligned. You saw invisible. You were stealthy. You were warded. You were fast. You were lucky. You had extra luck. Bad luck did not time out for you. Good luck did not time out for you. You are dead. Miscellaneous: You never encountered a bones level. Total elapsed playing time was 7 hours, 58 minutes and 36 seconds. Major events: Turn 1: breadmaster the lawful female human Samurai entered the dungeon 485: entered the Gnomish Mines 535: attained the rank of Ronin (level 3) 1861: attained the rank of Kunoichi (level 6) 2178: reached Mine Town 3518: entered Sokoban 4740: killed by a wolf, while frozen by a trap Vanquished creatures: a small mimic a quantum mechanic a giant beetle a leprechaun a gnome ruler a rust monster an owlbear a blue jelly a dust vortex 3 plains centaurs an imp a wood nymph 8 bugbears a Mordor orc 2 orc shamans a rock mole a pony 2 fog clouds a violet fungus 9 gnome leaders 4 gnomish wizards an elf zombie a straw golem a baby crocodile a giant ant a little dog 4 floating eyes 2 dwarves 2 homunculi a kobold shaman a hill orc a centipede an orc zombie a wererat 3 werejackals an iguana 2 acid blobs a manes 2 large kobolds 9 hobgoblins 3 giant rats a cave spider a brown mold 2 yellow molds a red mold 38 gnomes 4 garter snakes a gecko 6 jackals 2 foxes 2 kobolds 2 goblins 6 grid bugs 2 bats 8 lichens a kobold zombie 5 newts 164 creatures vanquished. No species were genocided or became extinct. Voluntary challenges: You read items or engraved 9 times. You never genocided any monsters. You never polymorphed an object. You never changed form. You never touched an artifact. You used no wishes. You never scared an enemy with impunity. You were celibate. You never generated conflict. You did not violate any of the special Sokoban rules. Achievements: You entered a shop. You entered the Gnomish Mines. You attained the rank of Ronin. You attained the rank of Kunoichi. You entered Minetown. You entered a temple. You entered Sokoban. Dungeon overview: The Dungeons of Doom: levels 1 to 11 Level 1: A sink. Level 2: A potion shop. Stairs down to The Gnomish Mines. Level 3: A potion shop, some sinks. Level 4: Level 5: Many fountains. Oracle of Delphi. Level 6: Stairs up to Sokoban, level 5. Level 7: A sink. Level 8: A fountain, a tree. Level 9: Level 10: Level 11: <- You were here. Final resting place for you, killed by a wolf, while frozen by a trap. The Gnomish Mines: levels 3 to 7 Level 3: Level 4: Level 5: Level 6: Many shops, a temple, many fountains. Level 7: Sokoban: Level 5: Unsolved. Game over: __________ / \ / REST \ / IN \ / PEACE \ / \ | breadmaster | | 704 Au | | killed by a wolf | | | | | | | | 2023 | *| * * * | * _________)/\\_//(\/(/\)/\//\/|_)_______ Sayonara breadmaster the Samurai... You died in The Dungeons of Doom on dungeon level 11 with 8380 points, and 704 pieces of gold, after 4740 moves. You were level 8 with a maximum of 79 hit points when you died.